 Dungeon Crawl Stone Soup version 0.17.1-3-g152610e (webtiles) character file.

150 manyhoops the Slasher (level 5, -1/40 HPs)
             Began as a Demonspawn Gladiator on Apr 24, 2016.
             Slain by Grinder (2 damage)
             ... while paralysed by Grinder
             ... on level 3 of the Dungeon.
             The game lasted 00:04:17 (2165 turns).

manyhoops the Slasher (Demonspawn Gladiator)        Turns: 2165, Time: 00:04:17

Health: -1/40      AC: 11    Str: 16    XL:     5   Next: 10%
Magic:  5/5        EV:  2    Int:  9    God:
Gold:   66         SH:  0    Dex: 14    Spells: 0 memorised, 4 levels left

rFire  . . .     SeeInvis .     a - +0 long sword
rCold  . . .     Clarity  .     v - +0 scale mail
rNeg   . . .     SustAt   .     (no shield)
rPois  .         Gourm    .     c - +0 helmet
rElec  .         Spirit   .     (no cloak)
rCorr  .         Warding  .     (no gloves)
rMut   .         Stasis   .     (no boots)
MR     .....                    (no amulet)
Stlth  ..........               r - +3 ring of protection
                                j - ring of invisibility

@: paralysed, not resistant to hostile enchantments, extremely unstealthy
A: talons 1, icy blue scales 1, rot immunity
a: Evoke Invisibility


You were on level 3 of the Dungeon.
You were not hungry.

You visited 1 branch of the dungeon, and saw 3 of its levels.

You collected 66 gold pieces.

Inventory:

Hand Weapons
 a - a +0 long sword (weapon)
Missiles
 d - 3 throwing nets (quivered)
Armour
 b - a +0 leather armour
 c - a +0 helmet (worn)
 f - a +0 ring mail
 v - a +0 scale mail (worn)
Jewellery
 j - a ring of invisibility (left hand)
 r - a +3 ring of protection (right hand)
Wands
 n - a wand of random effects (9)
Scrolls
 h - a scroll of noise {unknown}
 i - a scroll of teleportation {unknown}
 k - a scroll of amnesia {unknown}
 m - a scroll of magic mapping {unknown}
 p - a scroll of recharging {unknown}
 q - a scroll of random uselessness {unknown}
Potions
 l - a potion of might {unknown}
 o - a potion of cancellation {unknown}
 s - a potion of mutation {unknown}
 t - a potion of haste {unknown}
 u - a potion of brilliance {unknown}
Comestibles
 e - 3 bread rations
 g - a beef jerky


   Skills:
 + Level 2.8 Fighting
 + Level 3.8 Long Blades
 - Level 1.7 Throwing
 * Level 2.8 Armour
 - Level 2.6 Dodging


You had 4 spell levels left.
You didn't know any spells.

Dungeon Overview and Level Annotations

Branches:
Dungeon (3/15)

Altars:

Annotations:
D:3 Grinder


Innate Abilities, Weirdness & Mutations

You have sharp toenails.
You are partially covered in icy blue scales (AC +1).
You are immune to rotting.


Message History

You slash the goblin!
You kill the goblin!
You hit Grinder.
Grinder is lightly wounded.
Grinder gestures at you. You resist with significant effort.
Grinder gestures at you. Pain shoots through your body!
* * * LOW HITPOINT WARNING * * *
You hit Grinder.
Grinder is lightly wounded.
Grinder barely misses you.
You barely miss Grinder. You claw Grinder, but do no damage.
Grinder is lightly wounded.
Grinder gestures at you.
You suddenly lose the ability to move!
Grinder hits you!
* * * LOW HITPOINT WARNING * * *
You writhe in agony.
You die...

##..##.##...####....
............##......
.
.................##
#. #.....))†.......#
#..
#.....)..........
#..##
#.....###......##
....##.....#
##.....# #..#.....#
#.....# #.@5....#
#.....# ###.....#
####### #..[###
###...###########
###...........#
###########.. ###


You could see Grinder.

Vanquished Creatures
  Terence (D:3)
  Robin (D:3)
  3 adders
  A gnoll (D:1)
  An ooze (D:2)
  3 worms
  3 giant geckos
  An orc (D:3)
  9 bats
  7 hobgoblins
  5 jackals
  5 kobolds
  A ball python (D:2)
  2 giant cockroaches
  5 giant newts
  13 goblins
  3 rats
64 creatures vanquished.

Notes
Turn   | Place    | Note
--------------------------------------------------------------
     0 | D:1      | manyhoops the Demonspawn Gladiator began the quest for the Orb.
     0 | D:1      | Reached XP level 1. HP: 16/16 MP: 1/1
   310 | D:1      | Reached skill level 3 in Long Blades
   333 | D:1      | Gained mutation: You are immune to rotting. [demonic ancestry]
   333 | D:1      | Reached XP level 2. HP: 20/22 MP: 2/2
   445 | D:1      | Reached skill level 1 in Armour
   779 | D:1      | Gained mutation: You are partially covered in icy blue scales (AC +1). [demonic ancestry]
   779 | D:1      | Reached XP level 3. HP: 27/27 MP: 3/3
  1520 | D:2      | Reached XP level 4. HP: 29/34 MP: 4/4
  1718 | D:3      | Noticed Terence
  1743 | D:3      | Killed Terence
  2096 | D:3      | Noticed Grinder
  2096 | D:3      | Paralysed by Grinder for 2 turns
  2106 | D:3      | Noticed Robin
  2124 | D:3      | Killed Robin
  2135 | D:3      | Gained mutation: You have sharp toenails. [demonic ancestry]
  2135 | D:3      | Reached XP level 5. HP: 34/39 MP: 5/5
  2164 | D:3      | Paralysed by Grinder for 7 turns
  2165 | D:3      | HP: 1/40 [Grinder (8)]
  2165 | D:3      | Slain by Grinder

Action                   |  1- 3 |  4- 6 || total
-------------------------+-------+-------++-------
Melee: Long sword        |   129 |   107 ||   236
  Use: Potion            |       |     2 ||     2
  Eat: Chunk             |     2 |     2 ||     4
